 Dungeon Crawl Stone Soup version 0.31.0-32-g396128a36d (webtiles) character file.

Game seed: 8213292739791767104

139 Doomgape the Sneak (level 5, 0/30 HPs)
             Began as a Kobold Brigand on Mar 22, 2024.
             Slain by an orc
             ... wielding a +0 club
              (4 damage)
             ... on level 3 of the Dungeon on Mar 23, 2024.
             The game lasted 00:08:33 (1956 turns).

Doomgape the Sneak (Kobold Brigand)                 Turns: 1956, Time: 00:08:34

Health: 0/30       AC:  4    Str:  8    XL:     5   Next: 46%
Magic:  5/5        EV: 15    Int: 13    God:
Gold:   104        SH:  0    Dex: 18    Spells: 4/4 levels left

rFire   . . .        a - +2 dagger
rCold   . . .        (no shield)
rNeg    . . .        c - +0 leather armour
rPois   +            (no helmet)
rElec   .            g - +0 cloak {rPois}
rCorr   .            (no gloves)
SInv    .            (no boots)
Will    .....        (no amulet)
Stlth   ++++         (no ring)
HPRegen 0.25/turn    (no ring)
MPRegen 0.09/turn

%: no passive effects
@: no status effects
A: small, no large weapons, nightstalker 3
a: no special abilities


You were on level 3 of the Dungeon.
You visited 1 branch of the dungeon, and saw 3 of its levels.

You collected 104 gold pieces.

Inventory:

Hand Weapons
 a - a +2 dagger (weapon)
Missiles
 d - 9 poisoned darts (quivered)
 e - 3 curare-tipped darts
Armour
 c - a +0 leather armour (worn)
 g - a +0 cloak of poison resistance (worn)
Scrolls
 h - a scroll of teleportation
 i - a scroll of torment {unknown}
Potions
 b - a potion of heal wounds {unknown}
 f - a potion of lignification
 j - a potion of curing {unknown}


   Skills:
 - Level 2.1 Fighting
 + Level 4.1 Short Blades
 + Level 3.4 Throwing
 + Level 2.9 Dodging
 + Level 6.3 Stealth


You had 4 spell levels left.
You didn't know any spells.
Your spell library contained the following spells:

 Spells                   Type           Power      Damage    Failure   Level
 Sandblast                Erth           0%         2d4       41%         1
 Passwall                 Erth           0%         N/A       80%         3
 Stone Arrow              Conj/Erth      0%         3d7       80%         3
 Brom's Barrelling Bould  Conj/Erth      0%         2d3       99%         4


Dungeon Overview and Level Annotations

Branches:
Dungeon (3/15)

Altars:
Ashenzari
Yredelemnul


Innate Abilities, Weirdness & Mutations

You are small and have problems with some larger weapons.
You are completely attuned to the shadows.


Message History

You see here a scroll labelled NYISTR SAPPEEDD.
Things that are here:
a +0 mace; a +0 leather armour The orc misses you.
The orc attacks as it pursues you! The orc hits you with a +0 morningstar.
The orc attacks as it pursues you! The orc hits you but does no damage.
The orc attacks as it pursues you! The orc completely misses you.
The orc attacks as it pursues you! The orc barely misses you.
The orc attacks as it pursues you! The orc hits you with a +0 morningstar.
The orc attacks as it pursues you! The orc closely misses you.
The orc shouts!
The orc throws a boomerang.
The boomerang barely misses you.
You see here a scroll labelled NYISTR SAPPEEDD.
The orc throws a boomerang.
The boomerang closely misses you.
You aren't carrying any items that you can evoke.
The orc shouts!
You closely miss the orc. The orc closely misses you. The orc misses you.
The orc misses you. The orc attacks as it pursues you! The orc misses you.
You see here a scroll labelled NYISTR SAPPEEDD.
The orc attacks as it pursues you! The orc hits you with a +0 dagger.
The orc attacks as it pursues you! The orc completely misses you.
Things that are here:
a +0 mace; a +0 leather armour The orc hits you with a +0 dagger.
The orc attacks as it pursues you! The orc hits you with a +0 morningstar.
The orc attacks as it pursues you! The orc misses you.
The orc attacks as it pursues you! The orc completely misses you.
The orc attacks as it pursues you! The orc hits you with a +0 morningstar!
* * * LOW HITPOINT WARNING * * *
The orc attacks as it pursues you! The orc misses you.
The orc shouts!
The orc throws a boomerang.
The boomerang misses you. The orc barely misses you.
The orc attacks as it pursues you! The orc misses you.
The orc hits you but does no damage. The orc hits you with a +0 club.
* * * LOW HITPOINT WARNING * * *
The orc attacks as it pursues you! The orc hits you with a +0 club.
You die...

##.....#.### #####.# ............
#.....###### ............ ....
#..........# †................#
##..........#
.................###..........†#
.................#)..#.........#
...................###.....[...#
................?.## #.........#
................@## #.........#
................o# #.........#
...^............o# #o.o......#
................o# #.........#
.................#####.....)...#
.................o.oo..........#
...............................##
.................................
......................(...###.###


You could see 3 orcs.

Vanquished Creatures
  A bombardier beetle (D:3)
  An orc priest (D:3)
  4 adders
  A ribbon worm (D:3)
  3 orcs (D:2)
  5 endoplasms
  3 giant cockroaches
  2 goblins
  2 hobgoblins
  2 kobolds (D:2)
  2 quokkas
  3 ball pythons (D:2)
  A bat (D:3)
  3 frilled lizards
  A rat (D:2)
34 creatures vanquished.

Notes
Turn   | Place    | Note
-------+----------+-------------------------------------------
     0 | D:1      | Doomgape the Kobold Brigand began the quest for the Orb.
     0 | D:1      | Reached XP level 1. HP: 12/12 MP: 1/1
    97 | D:1      | You fall into a shaft and drop 1 floor!
   159 | D:2      | Reached XP level 2. HP: 17/17 MP: 2/2
   321 | D:2      | Reached XP level 3. HP: 21/21 MP: 3/3
   369 | D:2      | Found a broken altar of Ashenzari.
  1230 | D:3      | HP: 1/21 [ribbon worm (8)]
  1322 | D:3      | Found a basalt altar of Yredelemnul.
  1389 | D:3      | Reached XP level 4. HP: 24/26 MP: 4/4
  1437 | D:3      | Reached skill level 6 in Stealth
  1732 | D:3      | Reached XP level 5. HP: 30/30 MP: 5/5
  1956 | D:3      | Slain by an orc

Illustrated notes

Levels and vault maps discovered:
D:1:      psy_arrival_terrarium, layout_basic, chequers_ecumenical_altar_island
D:2:      layout_basic, basic_altar, serial_park_tiny_2
D:3:      layout_basic, yredelemnul_altar_generic, lightli_corner_chamber

Skill      XL: |  1  2  3  4  5 |
---------------+----------------+-----
Short Blades   | 3 4 |  4.1
Dodging        | 2 |  2.9
Throwing       | 3 |  3.4
Stealth        | 6 |  6.3
Fighting       | |  2.1

Action                     |  1- 3 |  4- 6 || total
---------------------------+-------+-------++-------
  Melee: Dagger            |    61 |    44 ||   105
    Use: Scroll            |     4 |       ||     4
   Stab: Sleeping          |    16 |     5 ||    21
 Armour: Robe              |     1 |       ||     1
         Leather armour    |    14 |    32 ||    46
  Dodge: Dodged            |    35 |    48 ||    83
